← All builds
Suicide front / Armada / Economy first / OBSERVED BUILD

Mace bot assault

Armada Suicide front build order · Supreme Isthmus

An economy-first start rushes Mace out of the Bot Lab from around 2:02, well ahead of the role's norm, to push a stronger bot assault into the middle before shifting to the usual mixed army.

#rush #push · 109 distinct matches · 30 players · 3% of Armada Suicide front games · team won 53% of 111 · Recently observed

THE CATCH, AND WHAT COMES WITH IT
  • MaceT1 bot assault from 2:02 · 11% of role by thenFrom the Bot Lab. Only 11% of Suicide front games have it by then; others who build it get it around 2:10
  • MaceMace in 85%5% of all Suicide front games by then

Where those units first fight, in 111 games with kill data: in the middle 98%.

Those units destroy a typical 2,885 metal of enemy units by 15:00.

Then transitions into rocketeer (8% of army).

HOW TO PLAY IT

Key timing: Mace by 2:03

  1. Open single mex straight into Bot Lab by 0:44.
  2. Grab more mex and wind while lab keeps producing.
  3. Push Mace-led bot assault into middle ahead of schedule.
  4. Keep reinforcing with Mace, add Centurion for anti-swarm.
  5. Transition into usual Centurion/Blitz mix with T2 cons.

Phase by phase

TYPICAL OF ITS 109 GAMES · AGAINST STANDARD SUICIDE FRONT
  1. 1
  2. 2
  3. 3
  4. 4
PLAY THE OPENING

Follow the example game's first 6:00 step by step: what to build now, what comes next, and where it goes. At 1× it keeps pace with your own game.

  1. 1

    Up to the Bot Lab

    Economy
    • Metal Extractor2Mex
    Order
    1. Bot LabBot Lab after 2 mexdone ~0:42, middle half 0:26–0:58

    Some games also: Sentry (32%)

    By 0:25 in all: 2 mex

    The example game in this phase · 2 steps
    1. Mex ×3
    2. Bot LabBot Labdone 0:45 · typical 0:42
  2. 2

    Bot Lab to T1 bot assault

    Economy
    • Metal Extractor2Mex
    Order
    1. MaceT1 bot assault after 3 mex, 1 wind
    Builders
    • Construction Bot2 Con bot
    • Lazarus2 Lazarus
    Army
    • Sentry1 Sentry
    • Centurion1 Centurion

    Some games also: wind (42%) · Radar Tower (41%) · tick (36%)

    By 2:02 in all: 3 mex · 1 wind

    The example game in this phase · 3 steps
    1. LazarusLazarus
    2. Construction BotCon bot ×2
    3. MaceMacedone 1:23
  3. 3

    T1 bot assault to 5:00

    Economy
    • Metal Extractor2Mex
    • Wind Turbine5Wind+2 vs standard
    Builders
    • Construction Bot1 Con bot
    • Lazarus1 Lazarus
    Army
    • Sentry2 Sentry
    • Mace11 Mace +11 vs standard

    Some games also: Radar Tower (45%) · con turret (43%) · Beamer (42%)

    The standard build makes here, this one skips: 15 rocketeer

    By 5:00 in all: 5 mex · 6 wind (standard 4)

    The example game in this phase · 34 steps
    1. MaceMace
    2. Mex
    3. Construction BotCon bot
    4. TickTick ×2
    5. MaceMace
    6. Con turret
    7. MaceMace
    8. SentrySentry ×2
    9. Mex
    10. MaceMace
    11. Wind
    12. MaceMace
    13. Wind
    14. MaceMace
    15. Wind
    16. MaceMace
    17. Wind
    18. MaceMace
    19. Wind
    20. MaceMace
    21. Wind
    22. MaceMace
    23. TickTick
    24. Wind
    25. MaceMace
    26. Wind
    27. MaceMace
    28. Energy storage
    29. MaceMace
    30. TickTick
    31. MaceMace ×7
    32. BeamerBeamer
    33. LazarusLazarus ×2
    34. Construction BotCon bot ×2
  4. 4

    5:00 to 10:00

    Economy
    • Metal Extractor1Mex
    • Wind Turbine15Wind
    Builders
    • Construction Turret2 Con turret
    • Lazarus3 Lazarus
    Army
    • Mace12 Mace +12 vs standard

    Some games also: con bot (39%) · Sentry (36%) · rocketeer (33%) · Radar Tower (33%) · Beamer (32%)

    The standard build makes here, this one skips: 8 rocketeer

    By 10:00 in all: 6 mex · 21 wind · 2 con turret

    The example game in this phase · 65 steps
    1. MaceMace ×15
    2. Converter
    3. MaceMace
    4. Wind ×3
    5. Converter
    6. MaceMace
    7. OverwatchOverwatch
    8. Wind ×2
    9. Converter
    10. Wind
    11. TickTick ×2
    12. Converter
    13. TickTick ×2
    14. Wind ×3
    15. TickTick
    16. Converter
    17. TickTick ×2
    18. Converter
    19. TickTick
    20. Wind ×3
    21. TickTick
    22. Mex
    23. TickTick
    24. Converter
    25. Wind
    26. TickTick
    27. OverwatchOverwatch
    28. TickTick
    29. Wind ×2
    30. TickTick
    31. Wind
    32. TickTick
    33. Wind ×2
    34. TickTick ×3
    35. Converter
    36. Wind ×2
    37. Con turret
    38. TickTick
    39. Mex
    40. Con turret
    41. TickTick ×2
    42. Construction BotCon bot
    43. OverwatchOverwatch
    44. Advanced Metal ExtractorT2 mexnot finished by 15:00 · typical 10:25
    45. GauntletGauntletnot finished by 15:00
    46. Mex
    47. Converter
    48. Advanced Metal ExtractorT2 mex
    49. Converter
    50. Mex ×2
    51. Construction BotCon bot
    52. Converter
    53. Construction BotCon bot
    54. Converter ×2
    55. TickTick ×2
    56. Con turret
    57. TickTick
    58. GuardGuard
    59. Converter
    60. TickTick ×3
    61. GuardGuard
    62. Advanced Metal ExtractorT2 mex
    63. Converter
    64. TickTick ×3
    65. Con turret

Counts are medians over the build's games: half of them build more, half fewer. The example game is xXGRM_RenXx's (31 OS, 02/10/2026); pick another.

Team trades

IN AT LEAST 30% OF ITS GAMES

You hand over

Nothing regular.

You get

  • Tidal Generator4 Tidal from Pondfirst at 0:11 · in 70% of games
  • Advanced Construction Bot1 T2 con bot from Tech or Geofirst at 8:24 · in 47% of games

How it plays out

Typical game of this build against the role’s standard build, running totals by minute

  • This build
  • Standard suicide front

Metal produced

010k20k
0:005:0010:0015:00

metal

Enemy metal destroyed

05k10k
0:005:0010:0015:00

metal

Own metal lost

05k10k
0:005:0010:0015:00

metal

111 games.

Show as table
ByMetal produced: This buildMetal produced: Standard suicide frontEnemy metal destroyed: This buildEnemy metal destroyed: Standard suicide frontOwn metal lost: This buildOwn metal lost: Standard suicide front
1:003112300000
2:0094388621000
3:0019172007272184130130
4:0029523108800643575501
5:0039924184155913521235998
6:00508853492184218321061707
7:00624765443756305133612590
8:00737377604617393545203502
9:00843690355315469051274383
10:009391104125885531458205163
11:0010659118896422585866855965
12:0012068135837243640676436686
13:0013679154047604687586737453
14:0014492172988025750389478214
15:0016469192928264810995279007
WHAT THE NUMBERS SAY

Won less often than the standard Suicide front build despite destroying more enemy metal.

  • + Destroys 10959 metal by 15:00 vs standard's 8295
  • + Mace committed by 2:03, far ahead of the 10% norm
  • − Own losses run higher, 11331 vs 9179 by 15:00
  • − Metal produced trails standard by 15:00, 18386 vs 20141
THE EXAMPLE YOU ARE READING

xXGRM_RenXx

31.4 OS · 02/10/2026

Open source match ↗

10 received units · includes a constructor
59 metal received · 30380 energy received

Allied construction assistance is unknown. Timings are observations, not a promise of solo reproducibility.

Typical milestones

Bot Lab0:42Middle 50%: 0:26–0:58 · n=111
Advanced Metal Extractor10:25Middle 50%: 9:04–11:34 · n=68

Played most by

[crd]sisa49games of this buildChaoticNoob10games of this build[Fx]Doo8games of this buildHorlof5games of this buildDread294games of this build